 Dungeon Crawl Stone Soup version 0.30-a0-711-gf4ac18a38d (webtiles) character file.

Game seed: 8066507199848432991

9579 Irreverend the Grappler (level 11, -15/166 HPs)
             Began as a Troll Fighter on Jan 21, 2023.
             Was a Priest of Wu Jian.
             Demolished by an orc knight
             ... wielding a +2 great sword
              (18 damage)
             ... on level 10 of the Dungeon on Jan 23, 2023.
             The game lasted 01:04:20 (9512 turns).

Irreverend the Grappler (Troll Fighter)             Turns: 9512, Time: 01:04:20

Health: -15/166    AC:  9    Str: 25    XL:     11   Next: 24%
Magic:  10/10      EV:  8    Int: 15    God:    Wu Jian [***...]
Gold:   630        SH:  9    Dex:  7    Spells: 10/10 levels left

rFire   . . .      SeeInvis +      - Unarmed
rCold   + . .      Faith    .    b - +0 kite shield
rNeg    . . .      Spirit   .    F - +1 steam dragon scales
rPois   +          Reflect  .    (helmet restricted)
rElec   .          Harm     .    K - +0 cloak
rCorr   .          Rampage  .    (gloves unavailable)
Will    +....      Rage     3%   (boots unavailable) Stlth
                                 D - amulet of magic regeneration
HPRegen 1.27/turn                o - ring of Umpoemak {rPois rC+ Will+ Int+3 Dex-5 SInv}
MPRegen 0.52/turn                H - +6 ring of dexterity

@: berserking, exhausted, very quick
A: large, unfitting armour, claws 3, regeneration 1, shaggy fur 1, tough skin 1,
berserk 1, clever 1, clumsy 1, evolution 1
a: Renounce Religion, Wall Jump, Serpent's Lash


You were on level 10 of the Dungeon.
You worshipped Wu Jian.
Wu Jian was most pleased with you.
You visited 3 branches of the dungeon, and saw 12 of its levels.

You collected 630 gold pieces.

Inventory:

Missiles
 z - 10 poisoned darts (quivered)
 G - 16 boomerangs of dispersal
 J - 5 curare-tipped darts
Armour
 a - a +1 robe
 b - a +0 kite shield (worn)
 B - the +3 ring mail of Sunlight {rElec Regen+ rCorr Dex+3}
   (You found it on level 4 of the Dungeon)

   Dex:       It affects your dexterity (+3).
   rElec:     It insulates you from electricity.
   Regen:     It increases your rate of health regeneration.
   rCorr:     It protects you from acid and corrosion.
 F - +1 steam dragon scales (worn)
 I - a +2 robe of positive energy
 K - a +0 cloak (worn)
Jewellery
 o - the ring of Umpoemak (left claw) {rPois rC+ Will+ Int+3 Dex-5 SInv}
   (You found it on level 2 of the Dungeon)

   [ring of willpower]

   Int:       It affects your intelligence (+3).
   Dex:       It affects your dexterity (-5).
   rC:        It protects you from cold.
   rPois:     It protects you from poison.
   SInv:      It lets you see invisible.
   Will:      It increases your willpower.
 w - an amulet of faith
 D - an amulet of magic regeneration (around neck)
 H - a +6 ring of dexterity (right claw)
Wands
 e - a wand of digging (6)
 m - a wand of iceblast (9)
 y - a wand of flame (36)
 C - a wand of charming (16)
 P - a wand of polymorph (1)
Scrolls
 g - a scroll of enchant weapon {unknown}
 h - a scroll of torment
 j - 2 scrolls of immolation
 l - 6 scrolls of teleportation
 n - 2 scrolls of magic mapping
 q - a scroll of noise
 t - a scroll of vulnerability
 v - a scroll of amnesia
 x - 2 scrolls of summoning
 E - 2 scrolls of enchant armour
Potions
 c - a potion of might
 f - a potion of resistance
 i - 2 potions of haste {unknown}
 k - 4 potions of degeneration
 p - 3 potions of berserk rage {unknown}
 r - a potion of magic
 s - 3 potions of curing {unknown}
 u - a potion of flight
 L - a potion of attraction {unknown}
 M - a potion of heal wounds
 N - 2 potions of brilliance {unknown}
Miscellaneous
 O - a lightning rod (4/4)


   Skills:
 + Level 7.8 Fighting
 - Level 2.4 Dodging
 + Level 8.6 Shields
 * Level 12.7 Unarmed Combat


You had 10 spell levels left.
You didn't know any spells.
Your spell library contained the following spells:

 Spells                   Type           Power      Damage    Failure   Level
 Beastly Appendage        Tmut           0%         N/A       45%         1
 Freeze                   Ice            0%         1d3       45%         1
 Summon Small Mammal      Summ           0%         N/A       45%         1
 Wereblood                Tmut           0%         N/A       61%         2
 Call Canine Familiar     Summ           0%         N/A       83%         3
 Frozen Ramparts          Ice            0%         1d1       83%         3
 Hailstorm                Conj/Ice       0%         3d3       83%         3
 Spider Form              Tmut/Pois      0%         N/A       83%         3
 Summon Guardian Golem    Hex/Summ       0%         N/A       83%         3


Dungeon Overview and Level Annotations

Branches:
Dungeon (10/15)            Temple (1/1) D:4            Lair (0/5) D:10
    Orc (1/2) D:10

Altars:
Ashenzari
Dithmenos
Gozag
Hepliaklqana
Kikubaaqudgha
Makhleb
Nemelex Xobeh
Qazlal
Ru
Sif Muna
Trog
Vehumet
Wu Jian
Yredelemnul
Zin
The Shining One

Shops:
D:8 *


Innate Abilities, Weirdness & Mutations

You are too large for most types of armour.
You have claws for hands.
Your natural rate of healing is unusually fast.
You are covered in fur. (AC +1)
You have tough skin. (AC +1)
You sometimes lose your temper in combat.
Your mind is acute. (Int +4, Str/Dex -1)
You are clumsy. (Dex -2)
You have hidden genetic potential.


Message History

The Council accepts your kill.
You mangle the orc knight!!
The orc knight is heavily wounded.
The orc knight closely misses you.
You scratch the orc knight.
The orc knight is severely wounded.
The orc knight hits you with a +2 great sword!!
You closely miss the orc knight.
The orc knight is severely wounded.
You block the orc knight's attack.
You closely miss the orc knight.
The orc knight is severely wounded.
The orc knight hits you with a +2 great sword!!
You barely miss the orc knight.
The orc knight is severely wounded.
The orc knight hits you with a +2 great sword!!
* * * LOW HITPOINT WARNING * * *
You claw the orc knight!
The orc knight is severely wounded.
The orc knight attacks as you move away!
The orc knight completely misses you.
Your muscles tense, ready for explosive movement...
You lunge with incredible momentum at the orc knight.
You scratch the orc knight.
The orc knight is severely wounded.
Your supernatural speed expires.
The orc knight attacks as you move away!
The orc knight hits you with a +2 great sword!
* * * LOW HITPOINT WARNING * * *
You barely miss the orc knight.
The orc knight is severely wounded.
The orc knight hits you with a +2 great sword!
* * * LOW HITPOINT WARNING * * *
There is nothing to wall jump against here.
A red film seems to cover your vision as you go berserk!
You feel yourself moving faster!
You feel mighty!
You barely miss the orc knight.
The orc knight is severely wounded.
The orc knight hits you with a +2 great sword!!
You die...

........##...###...######........
####....##...# #...# #...#....
####.........###...# #...#....
...................######...#....
............#####...........#....
.......###### #.................
####...# #.###############' #
#...# #.# #... ####...# ####@#
#... .......# #)[o°# #..†
######## #)#### #..†
#####.########.# #...
.##.#.#......#o### #...
.)..##..###.##o..# #...
#..).....###..#.################'
.#.#.#####..###.##...............
#.#..#..#.##.....#...###.........


You could see an orc knight.

Vanquished Creatures
  Erica (D:8)
  2 two-headed ogres
  Sonja (D:10)
  An orc knight (D:10)
  Maurice (D:8)
  An unseen horror (D:7)
  3 shadows
  A wraith (D:10)
  6 yaks
  A wyvern (D:9)
  Grum (D:8)
  2 steam dragons
  2 wargs (D:10)
  An acid dragon (D:9)
  2 water moccasins (D:5)
  An ice beast (D:5)
  9 orc warriors
  A black bear (D:6)
  2 centaurs (D:9)
  3 ogres
  2 wolves (D:8)
  A phantom (D:5)
  6 kobold brigands
  2 necrophages
  2 bullfrogs
  3 killer bees (D:8)
  5 howler monkeys
  A vampire bat (D:8)
  A jelly (D:4)
  9 orc priests
  A hound (D:6)
  2 gnoll boudas
  3 iguanas
  9 orc wizards
  11 gnolls
  4 adders
  A shadow imp (D:7)
  2 white imps
  3 ufetubi
  A dart slug (D:4)
  45 orcs
  9 ball pythons
  4 bats
  2 bat skeletons (D:8)
  3 bat zombies (D:8)
  4 endoplasms
  4 giant cockroaches
  10 goblins
  8 hobgoblins
  7 jackals
  2 quokkas
  4 frilled lizards
  34 kobolds
  3 rats
250 creatures vanquished.

Vanquished Creatures (others)
  A yak (D:8)
1 creature vanquished.

Grand Total: 251 creatures vanquished

Notes
Turn   | Place    | Note
-------+----------+-------------------------------------------
     0 | D:1      | Irreverend the Troll Fighter began the quest for the Orb.
     0 | D:1      | Reached XP level 1. HP: 22/22 MP: 0/0
   448 | D:1      | Reached XP level 2. HP: 29/29 MP: 1/1
  1269 | D:2      | Reached skill level 3 in Unarmed Combat
  1269 | D:2      | Reached XP level 3. HP: 36/36 MP: 2/2
  1380 | D:2      | Found a faded altar of an unknown god.
  1380 | D:2      | Identified the ring of Umpoemak {rPois rC+ Will+ Int+3
                  | Dex-5 SInv}
  2653 | D:4      | Reached XP level 4. HP: 31/44 MP: 3/3
  2784 | D:4      | Reached skill level 4 in Unarmed Combat
  2784 | D:4      | Reached XP level 5. HP: 38/53 MP: 4/4
  2884 | D:4      | Found a staircase to the Ecumenical Temple.
  2894 | Temple   | Entered the Ecumenical Temple
  3063 | Temple   | Became a worshipper of the Wu Jian Council
  3300 | D:4      | Reached XP level 6. HP: 37/61 MP: 5/5
  3392 | D:4      | Identified the +3 ring mail of Sunlight {rElec Regen+ rCorr
                  | Dex+3}
  3502 | D:4      | Found an opulent altar of Gozag.
  3502 | D:4      | Found a sparkling altar of Nemelex Xobeh.
  3837 | D:5      | Entered Level 5 of the Dungeon
  3852 | D:5      | Reached skill level 5 in Unarmed Combat
  3877 | D:5      | Noticed an ice beast
  3883 | D:5      | Killed an ice beast
  3902 | D:5      | Noticed a water moccasin
  3919 | D:5      | Killed a water moccasin
  3920 | D:5      | Reached XP level 7. HP: 47/70 MP: 6/6
  3937 | D:5      | Reached skill level 6 in Unarmed Combat
  4555 | D:5      | Found a burning altar of Makhleb.
  4764 | D:6      | Reached skill level 5 in Shields
  4776 | D:6      | Reached XP level 8. HP: 79/79 MP: 7/7
  4918 | D:6      | Reached skill level 7 in Unarmed Combat
  5239 | D:7      | Noticed an unseen horror
  5246 | D:7      | Killed an unseen horror
  5247 | D:7      | Reached skill level 5 in Fighting
  5247 | D:7      | Reached skill level 8 in Unarmed Combat
  5258 | D:7      | Reached * piety under Wu Jian
  5463 | D:7      | Reached XP level 9. HP: 87/88 MP: 8/8
  5876 | D:8      | Found Weruamn's General Store.
  5933 | D:8      | Noticed Erica
  6044 | D:8      | Killed Erica
  6045 | D:8      | Reached skill level 9 in Unarmed Combat
  6200 | D:8      | Noticed Maurice
  6208 | D:8      | Killed Maurice
  6331 | D:8      | Reached ** piety under Wu Jian
  6332 | D:8      | Reached skill level 10 in Unarmed Combat
  6505 | D:8      | Found an ancient bone altar of Kikubaaqudgha.
  6609 | D:8      | Noticed Grum
  6629 | D:8      | Killed Grum
  6634 | D:8      | Reached XP level 10. HP: 23/100 MP: 9/9
  7474 | D:9      | Reached skill level 11 in Unarmed Combat
  7524 | D:9      | Upgraded the game from 0.30-a0-702-gdf48620a09 to
                  | 0.30-a0-711-gf4ac18a38d
  7540 | D:9      | Reached *** piety under Wu Jian
  7862 | D:9      | Noticed a two-headed ogre
  7973 | D:9      | Killed a two-headed ogre
  8059 | D:10     | Entered Level 10 of the Dungeon
  8231 | D:10     | Found a staircase to the Orcish Mines.
  8335 | D:10     | Noticed Sonja
  8352 | D:10     | Killed Sonja
  8352 | D:10     | Reached skill level 12 in Unarmed Combat
  8600 | D:10     | Noticed a two-headed ogre
  8605 | D:10     | Killed a two-headed ogre
  8606 | D:10     | Reached XP level 11. HP: 109/109 MP: 10/10
  9019 | D:10     | Found a staircase to the Lair.
  9115 | D:10     | Gained mutation: Armour fits poorly on your strangely
                  | shaped body. [potion of mutation]
  9116 | D:10     | Lost mutation: Armour fits poorly on your strangely shaped
                  | body. [potion of mutation]
  9116 | D:10     | Gained mutation: You are partially covered in iridescent
                  | scales. (AC +2) [potion of mutation]
  9116 | D:10     | Gained mutation: You passively dampen the noise of your
                  | surroundings. [potion of mutation]
  9117 | D:10     | Lost mutation: You passively dampen the noise of your
                  | surroundings. [potion of mutation]
  9117 | D:10     | Lost mutation: You are partially covered in iridescent
                  | scales. (AC +2) [potion of mutation]
  9117 | D:10     | Gained mutation: You are clumsy. (Dex -2) [potion of
                  | mutation]
  9117 | D:10     | Gained mutation: You occasionally lose the ability to read
                  | scrolls when taking damage. [potion of mutation]
  9117 | D:10     | Gained mutation: Your muscles are strong. (Str +4, Int/Dex
                  | -1) [potion of mutation]
  9118 | D:10     | Lost mutation: You occasionally lose the ability to read
                  | scrolls when taking damage. [potion of mutation]
  9118 | D:10     | Lost mutation: Your muscles are strong. (Str +4, Int/Dex
                  | -1) [potion of mutation]
  9118 | D:10     | Gained mutation: You occasionally lose the ability to read
                  | scrolls when taking damage. [potion of mutation]
  9118 | D:10     | Gained mutation: You expend magic power (3 MP) to
                  | strengthen your wands. [potion of mutation]
  9119 | D:10     | Lost mutation: You occasionally lose the ability to read
                  | scrolls when taking damage. [potion of mutation]
  9119 | D:10     | Lost mutation: You expend magic power (3 MP) to strengthen
                  | your wands. [potion of mutation]
  9119 | D:10     | Gained mutation: You sometimes lose your temper in combat.
                  | [potion of mutation]
  9119 | D:10     | Gained mutation: Your mind is acute. (Int +4, Str/Dex -1)
                  | [potion of mutation]
  9119 | D:10     | Gained mutation: You have hidden genetic potential. [potion
                  | of mutation]
  9290 | Orc:1    | Entered Level 1 of the Orcish Mines
  9290 | Orc:1    | Noticed an orc knight
  9290 | Orc:1    | Noticed an orc knight
  9304 | D:10     | Killed an orc knight
  9511 | D:10     | HP: 1/111 [orc knight/+2 great sword (17)]
  9512 | D:10     | Demolished by an orc knight

Illustrated notes

Levels and vault maps discovered:
D:1:      mainiacjoe_arrival_reflecting_pool, layout_basic
D:2:      layout_rooms, shapermc_ecumenical_altar_venn
D:3:      layout_basic, serial_park_tiny_pond, guppyfry_early_lair_pool
D:4:      layout_loops_corners, grunt_temple_overflow_opulence, temple_hall
D:5:      layout_basic, lightli_temple_of_fire
D:6:      layout_basic
D:7:      layout_rooms, minmay_unpleasant_kobolds
D:8:      layout_loops_corners, kennysheep_vampire_church, serial_shops,
          kennysheep_little_box, uniq_maurice, uniq_grum, uniq_erica
D:9:      layout_roguey [special_room_orc]
D:10:     layout_stronghold, lair_entry_dummy, erik_orc_3, uniq_sonja
Temple:   regret_index_temple_mists
Orc:1:    layout_caves

Skill      XL: |  1  2  3  4  5  6  7  8  9 10 |
---------------+-------------------------------+-----
Shields        | 3 4 5 6 7 8 |  8.6
Unarmed Combat | 3 4 5 6 8 10 12 | 12.7
Fighting       | 3 4 5 6 7 |  7.8
Dodging        | |  2.4

Action                     |  1- 3 |  4- 6 |  7- 9 | 10-12 || total
---------------------------+-------+-------+-------+-------++-------
  Melee: Unarmed           |   113 |    83 |   264 |   283 ||   743
 Invoke: Serpent's Lash    |       |       |       |     7 ||     7
Ability: Lunge             |       |     8 |    36 |    30 ||    74
         Whirlwind         |       |       |    32 |    40 ||    72
         Wall Jump         |       |       |     2 |       ||     2
  Evoke: Wand              |       |       |     1 |       ||     1
    Use: Scroll            |       |       |    13 |     6 ||    19
         Potion            |       |       |     3 |     7 ||    10
   Stab: Sleeping          |     1 |       |       |       ||     1
 Armour: Robe              |    28 |     6 |     9 |       ||    43
         Steam dragon scal |       |       |    38 |    53 ||    91
  Dodge: Dodged            |    42 |    20 |    68 |    54 ||   184
  Block: Kite shield       |    40 |    31 |    77 |    76 ||   224

Table legend: (Time is in decaauts)
 A = Elapsed time spent in this place.
 B = Non-inter-level travel time spent in this place.
 C = Inter-level travel time spent in this place.
 D = Time resting spent in this place.
 E = Time spent auto-exploring this place.
 F = Levels seen in this place.
 G = Mean time per level.
                   A        B        C        D        E       F      G
               +--------+--------+--------+--------+--------+-----+--------+
         Total |   9510 |   9237 |    273 |    798 |   5099 |  12 |  792.5 |
       Dungeon |   9317 |   9045 |    272 |    698 |   5099 |  10 |  931.7 |
        Temple |    186 |    185 |      1 |    100 |      0 |   1 |  186.0 |
  Orcish Mines |      6 |      6 |      0 |      0 |      0 |   1 |    6.0 |
               +--------+--------+--------+--------+--------+-----+--------+

Top non-repeatable levels by time:
     D:8: 1464 daAuts
    D:10: 1442 daAuts
     D:1: 1263 daAuts
     D:4: 1008 daAuts
     D:9: 866 daAuts
     D:3: 860 daAuts
     D:5: 823 daAuts
     D:6: 577 daAuts
     D:2: 527 daAuts
     D:7: 481 daAuts
  Temple: 186 daAuts
   Orc:1: 6 daAuts
